AoeStats
← blorfsky

Northern Isles

510396870Analyzed
1v1 RM · 8h ago on Sep 30, 2026· 48m 24s· 2 players
Game mode
Random Map
Map size
Tiny (2 player)
Population
200
Speed
Normal
Resources
Standard
Victory
Conquest
Starting age
Dark Age
Ending age
Imperial Age
RankedLock teamsTeams togetherTeam positionsShared explorationLock speedFull tech treeHidden civsTurbo modeCheats
Victory
Defeat
🇨🇭 Hindustanis · Switzerland
858
+16
🇸🇪 Malians · Sweden
855
-16
Nestor Choucroute
8:15 Loom
10:51 Feudal Age
17:43 Man-at-Arms
20:32 Castle Age
20:01 Forging
19:41 Arson
19:54 Double-Bit Axe
22:31 Long Swordsman
25:31 Wheelbarrow
31:13 Hand Cart
32:37 Bow Saw
34:43 Pikeman
37:39 Medium Warships
38:04 Demolition Ship
39:19 Town Watch
43:23 Imperial Age
44:42 Heavy Warships
blorfsky
11:02 Feudal Age
10:37 Loom
11:01 Loom
12:48 Wheelbarrow
14:38 Double-Bit Axe
16:20 Forging
18:46 Castle Age
17:56 Horse Collar
18:25 Scale Barding Armor
20:10 Heavy Plow
20:23 Bow Saw
21:06 Fletching
22:02 Bodkin Arrow
23:30 Padded Archer Armor
23:53 Chain Barding Armor
25:42 Hand Cart
26:09 Iron Casting
26:17 Medium Warships
26:36 Bloodlines
26:29 Light Cavalry
31:27 Padded Archer Armor
33:28 Redemption
34:28 Grand Trunk Road
35:11 Husbandry
37:57 Imperial Age
37:47 Redemption
39:10 Ballistics
39:14 Careening
39:15 Clinker Construction
40:08 Chemistry
39:34 Murder Holes
39:35 Light Cavalry
40:16 Town Watch
41:05 Town Patrol
41:12 Bracer
41:28 Leather Archer Armor
41:40 Heavy Warships
44:33 Two-Man Saw
44:02 Conscription
45:50 Siege Engineers
49:03 Ring Archer Armor
49:34 Blast Furnace
48:22 Elite Cannon Galleon
Connection lost

Rejoining the realm…

Still unreachable

The connection could not be restored.

Session expired

The server has moved on; the page needs a fresh start.